 Dungeon Crawl Stone Soup version 0.29.1-1-gd02db6906a (webtiles) character file.

Game seed: 17907607184371168315

185 vvl the Stinger (level 5, -3/38 HPs)
             Began as a Demonspawn Venom Mage on Sept 16, 2022.
             Splashed by a jelly's acid (9 damage)
             ... on level 4 of the Dungeon.
             The game lasted 00:06:10 (4664 turns).

vvl the Stinger (Demonspawn Venom Mage)             Turns: 4664, Time: 00:06:12

Health: -3/38      AC: -2    Str:  9    XL:     5   Next: 37%
Magic:  5/9        EV: 13    Int: 18    God:
Gold:   142        SH:  0    Dex: 19    Spells: 8/9 levels left

rFire   . . .      SeeInvis .   v - +2 dagger (venom)
rCold   . . .      Faith    .   (no shield)
rNeg    . . .      Spirit   .   m - +0 ring mail
rPois   .          Reflect  .   (no helmet)
rElec   .          Harm     .   (no cloak)
rCorr   .          Rampage  .   (no gloves)
Will    .....                   (no boots)
Stlth   ++........              (no amulet)
HPRegen 0.12/turn               i - +6 ring of dexterity
MPRegen 0.11/turn               (no ring)

@: corroded
A: repulsion field 1, ignite blood 2, demonic magic 1
a: no special abilities


You were on level 4 of the Dungeon.
You visited 1 branch of the dungeon, and saw 4 of its levels.

You collected 142 gold pieces.

Inventory:

Hand Weapons
 v - a +2 dagger of venom (weapon)
Armour
 m - a +0 ring mail (worn)
Jewellery
 i - a +6 ring of dexterity (left hand)
Scrolls
 a - 2 scrolls of identify {unknown}
 f - a scroll of summoning {unknown}
 g - 2 scrolls of enchant armour {unknown}
 h - 2 scrolls of teleportation {unknown}
 l - 3 scrolls of butterflies {unknown}
 n - a scroll of enchant weapon {unknown}
 t - a scroll of fear {unknown}
 u - a scroll of blinking {unknown}
Potions
 b - a potion of magic
 c - a potion of attraction {unknown}
 d - a potion of degeneration {unknown}
 e - 2 potions of heal wounds {unknown}
 k - 2 potions of flight {unknown}
 o - a potion of resistance {unknown}
 p - 2 potions of curing {unknown}
 q - a potion of cancellation {unknown}
 r - a potion of brilliance {unknown}
 s - a potion of haste {unknown}


   Skills:
 + Level 1.7 Fighting
 + Level 1.6 Armour
 + Level 2.5 Dodging
 - Level 2.0 Stealth
 + Level 2.8 Spellcasting
 + Level 2.0 Transmutations
 + Level 3.6 Poison Magic


You had 8 spell levels left.
You knew the following spells:

 Your Spells              Type           Power      Damage    Failure   Level
a - Sting                 Tmut/Pois      48%        1d5       14%         1

Your spell library contained the following spells:

 Spells                   Type           Power      Damage    Failure   Level
 Poisonous Vapours        Pois/Air       18%        N/A       32%         2
 Shock                    Conj/Air       8%         1d3       41%         1
 Slow                     Hex            8%         N/A       41%         1
 Mephitic Cloud           Conj/Pois/Air  6%         N/A       63%         3
 Olgreb's Toxic Radiance  Pois           15%        N/A       71%         4
 Confusing Touch          Hex            2%         N/A       80%         3
 Swiftness                Air            2%         N/A       80%         3
 Vampiric Draining        Necr           2%         2d6       80%         3
 Airstrike                Air            1%         2d(1-17)  99%         4
 Ozocubu's Refrigeration  Ice            1%         4d7       100%        7
 Ignition                 Fire           1%         3d3       100%        8


Dungeon Overview and Level Annotations

Branches:
Dungeon (4/15)
 Temple: D:4-7

Altars:
Ashenzari
Cheibriados
Fedhas
Kikubaaqudgha
Makhleb
Yredelemnul


Innate Abilities, Weirdness & Mutations

You are surrounded by a mild repulsion field. (EV +2)
Your demonic aura often causes spilled blood to erupt in flames.
Spells you cast may paralyse adjacent enemies.


Message History

There are monsters nearby!
There are monsters nearby!
Found a stone staircase leading down.
The adder hisses angrily.
The sting hits the adder.
The adder is poisoned.
The adder is lightly wounded.
Malevolent energies surge around you.
The sting hits the adder.
The adder looks even sicker.
The adder is moderately wounded.
Malevolent energies surge around you.
The adder suddenly stops moving!
The sting hits the adder.
The adder looks even sicker.
The adder is severely wounded.
Malevolent energies surge around you.
The sting hits the adder.
The adder looks as sick as possible!
You kill the adder!
Malevolent energies surge around you.
You can't see any susceptible monsters within range! (Use Z to cast anyway.)
The jelly quivers.
A jelly is nearby!
A jelly is nearby!
You hit the jelly.
Your hands burn!
The jelly is lightly wounded.
The jelly closely misses you.
You hit the jelly. The acid corrodes you!
Your hands burn!
The jelly is lightly wounded.
The jelly hits you.
You are splashed with acid.
The sting hits the jelly.
The jelly partially resists.
The jelly is moderately wounded.
Malevolent energies surge around you. The jelly hits you.
The acid corrodes you!
You are splashed with acid!
You are too injured to fight recklessly!
You are too injured to fight recklessly!
You are too injured to fight recklessly!
You hit the jelly.
Your hands burn!
* * * LOW HITPOINT WARNING * * *
The jelly is moderately wounded.
The jelly hits you.
* * * LOW HITPOINT WARNING * * *
You are splashed with acid!
You die...

.########.#.# .....#
#.#.# ######### .###.#
#.#.# #........ .....#
#.#.####........ .###.#
#.#.#........... .#
#.####.#.#...........
.###..†...#.#...........
...#.###................
<#.#.# ##...#...@.......
#..#.# ########J#######
...#.# ... ...#
####.#####.## ##..#
...#......... #...
............ .>...
##.......#.# #..#+
##g....#.#.# ....
##.......#.#####


You could see a jelly.

Vanquished Creatures
  An orc priest (D:3)
  Robin (D:3)
  3 adders
  3 gnolls (D:4)
  A worm (D:2)
  2 dart slugs
  8 orcs
  3 bats
  5 endoplasms
  2 giant cockroaches (D:1)
  7 goblins
  10 hobgoblins
  2 quokkas
  5 ball pythons
  2 frilled lizards (D:1)
  10 kobolds
  8 rats
73 creatures vanquished.

Notes
Turn   | Place    | Note
-------+----------+-------------------------------------------
     0 | D:1      | vvl the Demonspawn Venom Mage began the quest for the Orb.
     0 | D:1      | Reached XP level 1. HP: 13/13 MP: 3/3
   296 | D:1      | Reached skill level 1 in Transmutations
   373 | D:1      | Gained mutation: Your demonic aura sometimes causes spilled
                  | blood to erupt in flames. [demonic ancestry]
   373 | D:1      | Reached XP level 2. HP: 19/20 MP: 1/5
  1411 | D:1      | Gained mutation: Spells you cast may paralyse adjacent
                  | enemies. [demonic ancestry]
  1411 | D:1      | Reached XP level 3. HP: 25/25 MP: 3/6
  1857 | D:2      | Reached skill level 1 in Fighting
  1857 | D:2      | Reached skill level 1 in Armour
  2822 | D:3      | Gained mutation: You are surrounded by a mild repulsion
                  | field. (EV +2) [demonic ancestry]
  2822 | D:3      | Reached XP level 4. HP: 31/32 MP: 0/7
  3095 | D:3      | Found a basalt altar of Yredelemnul.
  3101 | D:3      | Found a burning altar of Makhleb.
  3112 | D:3      | Found a blossoming altar of Fedhas.
  3119 | D:3      | Found a broken altar of Ashenzari.
  3119 | D:3      | Noticed Robin
  3138 | D:3      | Killed Robin
  3194 | D:3      | Found a snail-covered altar of Cheibriados.
  3202 | D:3      | Found an ancient bone altar of Kikubaaqudgha.
  3862 | D:4      | Gained mutation: Your demonic aura often causes spilled
                  | blood to erupt in flames. [demonic ancestry]
  3862 | D:4      | Reached XP level 5. HP: 37/37 MP: 3/9
  4664 | D:4      | Splashed by a jelly's acid

Illustrated notes

Levels and vault maps discovered:
D:1:      amcnicky_arrival_flooded_fountain, layout_loops_ring,
          minmay_pentomino_w2
D:2:      layout_basic, minmay_misc_feat_columns
D:3:      layout_rooms, grunt_temple_overflow_octagram, uniq_robin
D:4:      layout_basic, serial_shops, shop, kennysheep_potato

Skill      XL: |  1  2  3  4  5 |
---------------+----------------+-----
Transmutations | 1 2 |  2.0
Stealth        | 2 |  2.0
Dodging        | 2 |  2.5
Fighting       | 1 |  1.7
Armour         | 1 |  1.6
Spellcasting   | |  2.8
Poison Magic   | |  3.6

Action                   |  1- 3 |  4- 6 || total
-------------------------+-------+-------++-------
Melee: Unarmed           |    34 |       ||    34
       Short sword       |    18 |    41 ||    59
       Punch             |       |     1 ||     1
       Dagger            |       |    12 ||    12
 Cast: Sting             |    68 |    56 ||   124
 Stab: Paralysed         |     7 |     3 ||    10
       Sleeping          |     2 |       ||     2
Armor: Robe              |    12 |       ||    12
       Ring mail         |     9 |    14 ||    23
Dodge: Dodged            |    51 |    66 ||   117
